 Dungeon Crawl Stone Soup version 0.28-a0-1387-g3a22ab9bdc (webtiles) character file.

Game seed: 16768453781883368441

12344 YayAnonymity the Frost Mage (level 12, -4/92 HPs)
             Began as a Human Ice Elementalist on Jan 2, 2022.
             Was a Priest of Sif Muna.
             Killed from afar by a fire giant (21 damage)
             ... with a fireball
             ... on level 9 of the Dungeon on Jan 3, 2022.
             The game lasted 00:46:04 (13644 turns).

YayAnonymity the Frost Mage (HuIE)                 Turns: 13644, Time: 00:46:04

Health: -4/92      AC: 17    Str:  9    XL:     12   Next: 19%
Magic:  16/19      EV: 15    Int: 20    God:    Sif Muna [***...]
Gold:   548        SH:  5    Dex: 14    Spells: 13/21 levels left

rFire   . . .      SeeInvis .   a - +2 whip (venom)
rCold   . . .      Faith    .   (no shield)
rNeg    . . .      Spirit   .   w - +3 ring mail {rPois}
rPois   +          Reflect  +   E - +0 helmet
rElec   .          Harm     .   K - +0 cloak
rCorr   .          Rampage  .   c - +0 pair of gloves
Will    .....                   d - +0 pair of boots
Stlth   +.........              F - amulet of reflection
HPRegen 0.25/turn               l - +4 ring of evasion
MPRegen 0.16/turn               g - +4 ring of protection

@: freezing walls
A: no striking features
a: Renounce Religion, Channel Magic, Forget Spell


You were on level 9 of the Dungeon.
You worshipped Sif Muna.
Sif Muna was most pleased with you.
You visited 2 branches of the dungeon, and saw 10 of its levels.
You also visited: Sewer and Ossuary.

You collected 548 gold pieces.

Inventory:

Hand Weapons
 a - a +2 whip of venom (weapon)
 b - a +2 flail of holy wrath
 B - a +1 rapier of electrocution
Missiles
 r - a throwing net
 G - 54 poisoned darts
Armour
 c - a +0 pair of gloves (worn)
 d - a +0 pair of boots (worn)
 w - a +3 ring mail of poison resistance (worn)
 E - a +0 helmet (worn)
 K - a +0 cloak (worn)
Jewellery
 e - a ring of protection from cold
 g - a +4 ring of protection (right hand)
 l - a +4 ring of evasion (left hand)
 A - an amulet of the acrobat
 F - an amulet of reflection (around neck)
Wands
 h - a wand of paralysis (16)
 u - a wand of acid (12)
Scrolls
 f - a scroll of blinking
 i - 4 scrolls of teleportation
 p - 2 scrolls of noise
 q - 2 scrolls of fog
 s - 4 scrolls of magic mapping
 t - 2 scrolls of enchant weapon
 y - a scroll of fear {unknown}
 D - a scroll of amnesia
 L - a scroll of silence
Potions
 j - a potion of ambrosia {unknown}
 k - 2 potions of might
 m - 3 potions of attraction
 n - a potion of heal wounds
 o - 2 potions of mutation {unknown}
 v - 4 potions of cancellation
 x - 6 potions of brilliance
 z - a potion of invisibility {unknown}
 C - 3 potions of magic
 H - a potion of flight {unknown}
 I - a potion of berserk rage {unknown}
 J - a potion of curing


   Skills:
 - Level 8.0 Fighting
 + Level 7.4 Maces & Flails
 - Level 3.0 Armour
 - Level 5.0 Dodging
 - Level 2.0 Stealth
 - Level 5.0 Spellcasting
 + Level 9.7 Conjurations
 - Level 10.0 Ice Magic


You had 13 spell levels left.
You knew the following spells:

 Your Spells              Type           Power      Damage    Failure   Level
a - Freeze                Ice            100%       1d11      1%          1
b - Frozen Ramparts       Ice            90%        1d11      1%          3
c - Hailstorm             Conj/Ice       44%        3d10      5%          4

Your spell library contained the following spells:

 Spells                   Type           Power      Damage    Failure   Level
 Ozocubu's Armour         Ice            45%        N/A       1%          3
 Foxfire                  Conj/Fire      96%        2x1d8     4%          1
 Conjure Flame            Conj/Fire      24%        6-21      12%         3
 Flame Wave               Conj/Fire      24%        2d6       38%         4
 Inner Flame              Hex/Fire       5%         N/A       65%         3


Dungeon Overview and Level Annotations

Branches:
Dungeon (9/15)             Temple (1/1) D:6           Sewer (visited)
Ossuary (visited)
   Lair: D:8-11         Orc: D:9-12

Altars:
Ashenzari
Cheibriados
Dithmenos
Fedhas
Hepliaklqana
Kikubaaqudgha
Nemelex Xobeh
Okawaru
Sif Muna
Uskayaw
Vehumet
Wu Jian
Yredelemnul
Zin
The Shining One

Shops:
D:6 :[


Message History

You now have 548 gold pieces (gained 18).
You see here a +0 whip.
Things that are here:
a +0 giant club; a +0 giant club
There is an open door, spattered with blood here.
A fire giant is nearby!
There is an open door, spattered with blood here.
Things that are here:
a +0 giant club; a +0 giant club You see here a +0 whip.
Things that are here:
a +0 giant club; a +0 giant club
There is an open door, spattered with blood here.
The fire giant shouts!
There is an open door, spattered with blood here.
Things that are here:
a +0 giant club; a +0 giant club The fire giant points at you and mumbles some strange words.
The bolt of fire hits you!!
Items here: )) [[.
Items here: ( ))) [[.
Items here: ))) [[.
Items here: ( )))) [.
There is a stone staircase leading up, spattered with blood here.
Casting: Frozen Ramparts (safe; 1% risk of failure)
Confirm with . or Enter, or press ? or * to list all spells.
Casting: Frozen Ramparts (safe; 1% risk of failure)
Press: ? - help, Dir - look around, f - activate A stone staircase leading up, spattered with blood.
The walls around you are covered in ice.
The wall freezes the fire giant.
The fire giant casts a spell at you. The bolt of fire hits you!!!
* * * LOW HITPOINT WARNING * * *
You hit the fire giant but do no damage.
The fire giant is lightly wounded.
The wall freezes the fire giant.
The fire giant casts a spell at you.
The fireball explodes!
The fireball engulfs you!!
You die...

♣♣.♣♣ ###.....### ♣♣.♣♣
##.#####################.###.#
.......).......C.............#
......).#########.)..........#
..#####)#.......[...##.#######
..#####'#'######[(>....######
............# #)#.(........#
.C..........'# #C#..........#
............## #@#.........(#
..########### ###..........#
.. #..######### .. #..# ..
#..# .. ...# ## ###.# #.# #.#


You could see a fire giant.

Vanquished Creatures
  2 two-headed ogres
  4 centaur warriors (D:9)
  An ugly thing (D:8)
  2 kobold demonologists (D:9)
  A troll (D:9)
  A hornet (D:9)
  A wraith (D:6)
  Sigmund (D:2)
  A vampire (D:9)
  14 yaks
  2 wyverns (D:9)
  Eustachio (D:6)
  A steam dragon (D:9)
  A vampire mosquito (D:9)
  3 orc warriors
  2 hornet zombies
  An ice beast (D:8)
  3 sky beasts
  A black bear (D:6)
  2 ogres (D:4)
  A necrophage (D:5)
  A boggart (D:9)
  2 centaurs (D:8)
  2 kobold brigands
  9 bullfrogs
  A gnoll sergeant (D:8)
  12 killer bees (D:9)
  5 wights
  4 howler monkeys
  3 hounds
  6 centaur zombies
  A jelly (D:7)
  2 gnoll shamans (D:9)
  4 orc priests
  A bullfrog skeleton (D:5)
  Jessica (D:2)
  8 orc wizards
  A killer bee zombie (D:8)
  A hound zombie (D:4)
  A mummy (Ossuary)
  Robin (D:4)
  2 howler monkey zombies (D:9)
  14 adders
  11 gnolls
  5 river rats (Sewer)
  3 white imps
  2 adder skeletons (D:4)
  2 worms
  19 orcs
  4 spectral bats (Ossuary)
  20 ball pythons
  11 endoplasms
  2 giant cockroaches (D:3)
  12 gnoll zombies (Ossuary)
  16 goblins
  12 hobgoblins
  5 jackals (D:2)
  8 quokkas
  4 bats
  4 bat simulacra (Ossuary)
  7 frilled lizards
  3 goblin simulacra (Ossuary)
  4 goblin zombies (Ossuary)
  3 hobgoblin zombies (Ossuary)
  9 kobolds
  5 kobold simulacra (Ossuary)
  2 kobold zombies (Ossuary)
  9 orc zombies (Ossuary)
  33 rats
  3 rat simulacra (Ossuary)
  4 spectral goblins (Ossuary)
  2 spectral kobolds (Ossuary)
  4 spectral rats (Ossuary)
356 creatures vanquished.

Vanquished Creatures (others)
  7 plants (D:9)
7 creatures vanquished.

Grand Total: 363 creatures vanquished

Notes
Turn   | Place    | Note
-------+----------+-------------------------------------------
     0 | D:1      | YayAnonymity the Human Ice Elementalist began the quest for
                  | the Orb.
     0 | D:1      | Reached XP level 1. HP: 13/13 MP: 3/3
     0 | D:1      | Upgraded the game from 0.28-a0-1382-g92835e5c71 to
                  | 0.28-a0-1387-g3a22ab9bdc
   460 | D:1      | Found a faded altar of an unknown god.
   464 | D:1      | Reached XP level 2. HP: 19/19 MP: 3/5
  1059 | D:1      | Reached XP level 3. HP: 24/24 MP: 4/6
  1515 | D:2      | Noticed Sigmund
  1979 | D:2      | Learned a level 3 spell: Frozen Ramparts
  1983 | D:2      | Reached XP level 4. HP: 30/30 MP: 7/7
  2209 | D:2      | Noticed Jessica
  2216 | D:2      | Killed Jessica
  2217 | D:2      | Reached skill level 5 in Ice Magic
  2410 | D:2      | Killed Sigmund
  2411 | D:2      | Reached XP level 5. HP: 19/35 MP: 2/8
  2411 | D:2      | Reached XP level 6. HP: 22/41 MP: 2/9
  2834 | D:3      | Found a glowing drain.
  2878 | Sewer    | Entered a sewer
  3250 | Sewer    | Reached skill level 6 in Ice Magic
  3550 | Sewer    | Reached skill level 5 in Dodging
  3608 | Sewer    | Reached XP level 7. HP: 43/46 MP: 2/10
  3705 | Sewer    | Reached skill level 7 in Ice Magic
  4763 | D:4      | Reached skill level 1 in Armour
  4912 | D:4      | Found a blossoming altar of Fedhas.
  4928 | D:4      | Noticed Robin
  4965 | D:4      | Killed Robin
  5213 | D:4      | Learned a level 4 spell: Hailstorm
  5489 | D:4      | Reached XP level 8. HP: 23/52 MP: 10/12
  5818 | D:4      | Reached skill level 1 in Conjurations
  5919 | D:5      | Entered Level 5 of the Dungeon
  6653 | D:5      | You fall into a shaft and drop 2 floors!
  6980 | D:7      | Found a sand-covered staircase.
  6989 | Ossuary  | Entered an ossuary
  7862 | D:6      | Noticed a wraith
  7920 | D:6      | Reached skill level 8 in Ice Magic
  7998 | D:6      | Reached XP level 9. HP: 46/57 MP: 9/15
  8064 | D:6      | Noticed Eustachio
  8092 | D:6      | Killed Eustachio
  8156 | D:6      | Found a staircase to the Ecumenical Temple.
  8185 | D:6      | Reached skill level 5 in Spellcasting
  8196 | Temple   | Entered the Ecumenical Temple
  8563 | Temple   | Became a worshipper of Sif Muna the Loreminder
  8624 | D:6      | Reached skill level 5 in Conjurations
  8800 | D:6      | Found Joehyc's Self-Improvement Boutique.
  8870 | D:6      | Found Arghoe Ifoi's Antique Armour Boutique.
  9254 | D:7      | Reached skill level 1 in Fighting
 10417 | D:8      | Reached XP level 10. HP: 65/70 MP: 17/17
 10443 | D:8      | Reached * piety under Sif Muna
 10481 | D:8      | Reached skill level 9 in Ice Magic
 10542 | D:8      | Reached skill level 1 in Maces & Flails
 11785 | D:9      | Noticed a centaur warrior
 11789 | D:9      | Reached skill level 5 in Fighting
 11791 | D:9      | Killed a centaur warrior
 11792 | D:9      | Reached XP level 11. HP: 74/80 MP: 14/18
 11792 | D:9      | Noticed a centaur warrior
 11793 | D:9      | Reached skill level 10 in Ice Magic
 11801 | D:9      | Noticed a centaur warrior
 11803 | D:9      | Reached ** piety under Sif Muna
 11804 | D:9      | Killed a centaur warrior
 11805 | D:9      | Reached skill level 5 in Maces & Flails
 11811 | D:9      | Noticed a centaur warrior
 11817 | D:9      | Killed a centaur warrior
 11825 | D:9      | Killed a centaur warrior
 11827 | D:9      | Noticed a fire giant
 12182 | D:9      | Noticed a two-headed ogre
 12197 | D:9      | Noticed a cyan ugly thing
 12373 | D:8      | Killed a cyan ugly thing
 12382 | D:8      | Killed a two-headed ogre
 12705 | D:9      | Reached XP level 12. HP: 35/91 MP: 15/19
 13028 | D:9      | Reached *** piety under Sif Muna
 13419 | D:9      | Noticed a two-headed ogre
 13440 | D:9      | Killed a two-headed ogre
 13644 | D:9      | Killed from afar by a fire giant

Illustrated notes

Levels and vault maps discovered:
D:1:      tarquinn_simple_flora_water_a, layout_basic,
          hellmonk_ecumenical_altar_arch_garden, kennysheep_flooded_box
D:2:      layout_basic, kennysheep_jessica_study, uniq_sigmund
D:3:      layout_basic, gup_sewer_entry_bowl, minmay_stone_trees_medium,
          minmay_misc_feat_tiny, serial_park_tiny_2
D:4:      minmay_clustersquares, layout_loops_ring, fedhas_altar_2, uniq_robin
D:5:      layout_loops_ring, serial_rivers, chequers_serial_rivers_small_3,
          chequers_serial_rivers_micro_a, chequers_serial_rivers_small_a,
          chequers_serial_rivers_micro_c, nicolae_zen_rock_garden
D:6:      layout_basic, minmay_temple_entry_antechambers, serial_shops,
          kennysheep_little_box, eino_small_chamber_without_monster,
          nicolae_shop_self_help, uniq_eustachio
D:7:      layout_loops_corners, nicolae_ossuary_entry_monument
D:8:      layout_basic
D:9:      nzn_winding_woodlands_large [nzn_winding_woodlands_5x5_closed_star,
          nzn_winding_woodlands_5x15_cabin, nzn_winding_woodlands_5x5_open_star,
          nzn_winding_woodlands_center_diamonds,
          nzn_winding_woodlands_15x15_killbox,
          nzn_winding_woodlands_center_garden,
          nzn_winding_woodlands_5x5_default, nzn_winding_woodlands_5x15_parted,
          nzn_winding_woodlands_5x5_default], layout_basic
Temple:   zaba_magenta_temple

Skill      XL: |  1  2  3  4  5  6  7  8  9 10 11 12 |
---------------+-------------------------------------+-----
Dodging        | 3 4 5 |  5.0
Ice Magic      | 5 6 7 8 9 10 | 10.0
Armour         | 1 3 |  3.0
Conjurations   | 3 6 7 9 |  9.7
Spellcasting   | 4 5 |  5.0
Fighting       | 3 5 7 8 |  8.0
Maces & Flails | 4 6 7 |  7.4
Stealth        | |  2.0

Action                   |  1- 3 |  4- 6 |  7- 9 | 10-12 || total
-------------------------+-------+-------+-------+-------++-------
Melee: Hand axe          |    26 |       |       |       ||    26
       Whip              |    12 |    68 |   185 |   219 ||   484
       Flail             |       |       |   218 |    87 ||   305
 Cast: Freeze            |    40 |    66 |   103 |    11 ||   220
       Frozen Ramparts   |       |     1 |    11 |    14 ||    26
Evoke: Wand              |       |       |       |     1 ||     1
  Use: Scroll            |       |       |    19 |     1 ||    20
       Potion            |       |       |     1 |     1 ||     2
 Stab: Sleeping          |     1 |       |     5 |       ||     6
Armor: Robe              |    27 |     7 |       |       ||    34
       Ring mail         |       |     2 |   190 |   159 ||   351
Dodge: Dodged            |    45 |    96 |   349 |   235 ||   725
Block: Other             |       |       |    56 |    74 ||   130
       Reflection        |       |       |     1 |     3 ||     4

Table legend: (Time is in decaauts)
 A = Elapsed time spent in this place.
 B = Non-inter-level travel time spent in this place.
 C = Inter-level travel time spent in this place.
 D = Time resting spent in this place.
 E = Time spent auto-exploring this place.
 F = Levels seen in this place.
 G = Mean time per level.
                   A        B        C        D        E       F      G
               +--------+--------+--------+--------+--------+-----+--------+
         Total |  13856 |  12828 |   1028 |   1434 |   7659 |  12 | 1154.7 |
       Dungeon |  11890 |  10876 |   1014 |   1334 |   6796 |   9 | 1321.1 |
        Temple |    382 |    368 |     14 |      0 |    272 |   1 |  382.0 |
         Sewer |   1108 |   1108 |      0 |    100 |    542 |   1 | 1108.0 |
       Ossuary |    474 |    474 |      0 |      0 |     49 |   1 |  474.0 |
               +--------+--------+--------+--------+--------+-----+--------+

Top non-repeatable levels by time:
     D:8: 2300 daAuts
     D:1: 1739 daAuts
     D:7: 1519 daAuts
     D:4: 1265 daAuts
     D:5: 1173 daAuts
   Sewer: 1108 daAuts
     D:2: 1054 daAuts
     D:9: 985 daAuts
     D:3: 930 daAuts
     D:6: 921 daAuts
 Ossuary: 474 daAuts
  Temple: 382 daAuts
